 Dungeon Crawl Stone Soup version 0.32-a0-975-g85d4e5bfdb (webtiles) character file.

Game seed: 3018995878581739342

56 trashops the Trooper (level 3, 0/33 HPs)
             Began as a Mountain Dwarf Fighter on Apr 19, 2024.
             Killed from afar by Terence (4 damage)
             ... with a puff of flame
             ... on level 2 of the Dungeon.
             The game lasted 00:01:19 (1105 turns).

trashops the Trooper (Mountain Dwarf Fighter)       Turns: 1105, Time: 00:01:19

Health: 0/33       AC:  8    Str: 20    XL:     3   Next: 71%
Magic:  3/3        EV:  8    Int:  8    God:
Gold:   94         SH:  4    Dex:  9    Spells: 2/2 levels left

rFire   . . .        a - +0 war axe
rCold   . . .        c - +0 buckler
rNeg    . . .        b - +0 scale mail
rPois   .            (no helmet)
rElec   .            (no cloak)
rCorr   .            (no gloves)
SInv    .            h - +0 pair of boots
Will    .....        (no amulet) Stlth
                     (no ring)
HPRegen 0.25/turn    (no ring)
MPRegen 0.08/turn

%: no passive effects
@: no status effects
A: runic magic, artefact enchanting
a: no special abilities


You were on level 2 of the Dungeon.
You visited 1 branch of the dungeon, and saw 2 of its levels.

You collected 94 gold pieces.

Inventory:

Hand Weapons
 a - a +0 war axe (weapon)
Armour
 b - a +0 scale mail (worn)
 c - a +0 buckler (worn)
 h - a +0 pair of boots (worn)
Jewellery
 e - a +5 ring of evasion
Scrolls
 f - a scroll of identify
Potions
 d - a potion of might
 j - a potion of heal wounds


   Skills:
 + Level 3.9 Fighting
 * Level 3.7 Axes
 + Level 3.6 Armour
 + Level 3.6 Shields


You had 2 spell levels left.
You didn't know any spells.
Your spell library contained the following spells:

 Spells                   Type           Power      Damage    Failure   Level
 Apportation              Tloc           0%         N/A       56%         1
 Jinxbite                 Hex            0%         N/A       71%         2
 Summon Ice Beast         Ice/Summ       0%         N/A       91%         3
 Alistair's Intoxication  Alch           0%         N/A       100%        5
 Summon Mana Viper        Hex/Summ       0%         N/A       100%        5
 Monstrous Menagerie      Summ           0%         N/A       100%        7


Dungeon Overview and Level Annotations

Branches:
Dungeon (2/15)

Altars:

Annotations:
D:2 Terence


Innate Abilities, Weirdness & Mutations

Your spellcasting is much less encumbered by armour.
You can use scrolls of enchantment on lesser artefacts.


Message History

The bat closely misses you.
You miss the bat. The bat barely misses you.
The bat hits you but does no damage.
You hit the bat.
The bat is moderately wounded.
The bat completely misses you.
You slash the bat!
You kill the bat!
No target in view!
Found an escape hatch in the ceiling.
An endoplasm comes into view.
The endoplasm quivers.
An endoplasm is nearby!
Found a stone staircase leading down.
Found a stone staircase leading up.
The endoplasm freezes you.
You are frozen.
You slash the endoplasm!
You kill the endoplasm!
No target in view!
You now have 94 gold pieces (gained 17).
There is a stone staircase leading down here.
Terence the Incautious comes into view.
He is wielding a +0 flail and carrying a wand of flame.
Found a scroll labelled EPNYUSHRI POFO.
Terence shouts!
Terence closely misses you.
You closely miss Terence. Terence hits you with a +0 flail.
Terence hits you with a +0 flail!
You barely miss Terence. Terence closely misses you.
You barely miss Terence. Terence hits you with a +0 flail!
Terence zaps a wand.
The puff of flame misses you.
You closely miss Terence. Terence hits you with a +0 flail!
* * * LOW HITPOINT WARNING * * *
You barely miss Terence.
Terence zaps a wand.
The puff of flame hits you.
* * * LOW HITPOINT WARNING * * *
You hit Terence.
Terence is moderately wounded.
Terence zaps a wand.
The puff of flame hits you.
You die...
Terence says, "Time to find some more victims."

#. #.# #.# #?# #.# #.#
#.# #.# # ## #.# #.# ...
#.# #@####.###
##.#.#####.# #.@......#
....#.#...#.###..#######
............>....#
.##.#.#<#..#####.#
.##.#............#
..#.###...########
........#.# .#......#.#
.....####.#


You could see Terence.

Vanquished Creatures
  Jessica (D:2)
  An adder (D:2)
  A bat (D:2)
  3 endoplasms
  6 goblins (D:1)
  2 hobgoblins (D:1)
  A kobold (D:1)
  A quokka (D:1)
  2 ball pythons (D:1)
  A rat (D:2)
19 creatures vanquished.

Notes
Turn   | Place    | Note
-------+----------+-------------------------------------------
     0 | D:1      | trashops the Mountain Dwarf Fighter began the quest for the
                  | Orb.
     0 | D:1      | Reached XP level 1. HP: 19/19 MP: 1/1
   233 | D:1      | Found a faded altar of an unknown god.
   256 | D:1      | Reached XP level 2. HP: 26/26 MP: 2/2
   918 | D:2      | Noticed Jessica
   926 | D:2      | Killed Jessica
   927 | D:2      | Reached XP level 3. HP: 25/33 MP: 3/3
  1097 | D:2      | Noticed Terence
  1105 | D:2      | Killed from afar by Terence

Illustrated notes

Levels and vault maps discovered:
D:1:      lightli_arrival_chessboard, layout_basic, basic_ecumenical_altar
D:2:      layout_basic, basic_altar, serial_glass, glass_columns_a,
          glass_columns_b, feat_on_display, chequers_serial_rivers_small_3,
          uniq_terence, uniq_jessica, uniq_robin

Skill      XL: |  1  2 |
---------------+-------+-----
Axes           | 3 |  3.7
Fighting       | |  3.9
Armour         | |  3.6
Shields        | |  3.6

Action                     || total
---------------------------++-------
  Melee: War axe           ||    50
    Use: Scroll            ||     5
 Armour: Scale mail        ||    49
  Dodge: Dodged            ||    18
  Block: Buckler           ||     8

Table legend: (Time is in decaauts)
 A = Elapsed time spent in this place.
 B = Non-inter-level travel time spent in this place.
 C = Inter-level travel time spent in this place.
 D = Time resting spent in this place.
 E = Time spent auto-exploring this place.
 F = Levels seen in this place.
 G = Mean time per level.
                   A        B        C        D        E       F      G
               +--------+--------+--------+--------+--------+-----+--------+
         Total |   1124 |   1111 |     13 |     29 |    912 |   2 |  562.0 |
       Dungeon |   1124 |   1111 |     13 |     29 |    912 |   2 |  562.0 |
               +--------+--------+--------+--------+--------+-----+--------+

Top non-repeatable levels by time:
     D:1: 923 daAuts
     D:2: 201 daAuts
